 Dungeon Crawl Stone Soup version 0.19-a0-630-g098d46c (webtiles) character file.

10816 Laraso the Severer (level 11, -2/82 HPs)
             Began as a Hill Orc Fighter on June 14, 2016.
             Was an Elder of Elyvilon.
             Slain by an eight-headed hydra (4 damage)
             ... on level 8 of the Dungeon.
             The game lasted 00:27:58 (11998 turns).

Laraso the Severer (Hill Orc Fighter)              Turns: 11998, Time: 00:27:59

Health: -2/82      AC: 16    Str: 22    XL:     11   Next: 68%
Magic:  13/20      EV:  7    Int:  6    God:    Elyvilon [****..]
Gold:   1292       SH:  0    Dex: 11    Spells: 0 memorised, 10 levels left

rFire  + . .     SeeInvis .     a - +3 battleaxe (elec)
rCold  . . .     Gourm    .     j - +1 storm dragon armour "Tussonut" {rElec rPois MR+ Int-2} (curse)
rNeg   . . .     Faith    +     (shield currently unavailable)
rPois  +         Spirit   .     w - +1 helmet
rElec  +         Dismiss  .     g - +2 cloak
rCorr  .         Reflect  .     (no gloves)
SustAt .         Harm     .     (no boots)
MR     +....     Rnd*Rage +     u - amulet of faith
Stlth  ..........               F - ring of protection from fire
                                n - +4 ring of protection

@: about to teleport, drained, somewhat resistant to hostile enchantments,
extremely unstealthy
A: berserk 1, deformed body, MP-powered wands
a: Lesser Healing, Heal Other, Purification, Greater Healing, Divine Protection,
Renounce Religion


You were on level 8 of the Dungeon.
You worshipped Elyvilon.
Elyvilon was greatly pleased with you.
You were not hungry.

You visited 3 branches of the dungeon, and saw 14 of its levels.
You also visited: Labyrinth.

You collected 1292 gold pieces.

Inventory:

Hand Weapons
 a - a +3 battleaxe of electrocution (weapon)
Missiles
 s - a throwing net (quivered)
Armour
 g - a +2 cloak (worn)
 j - the cursed +1 storm dragon armour "Tussonut" (worn) {rElec rPois MR+ Int-2}
   (You found it on level 4 of the Dungeon)

   It affects your intelligence (-2).
   It insulates you from electricity.
   It protects you from poison.
   It affects your resistance to hostile enchantments.
   It has a curse placed upon it.
 w - a +1 helmet (worn)
Jewellery
 n - a +4 ring of protection (left hand)
 t - an uncursed ring of magical power
 u - an amulet of faith (around neck)
 F - a ring of protection from fire (right hand)
 G - an uncursed ring of protection from fire
Wands
 c - a wand of acid (10/15)
 A - a wand of confusion (15/48)
 C - a wand of digging (7/24)
Scrolls
 b - 2 scrolls of fog
 e - 5 scrolls of remove curse
 k - a scroll of recharging
 l - 2 scrolls of blinking
 x - a scroll of magic mapping
 L - a scroll of amnesia
Potions
 d - a potion of might
 h - a potion of cancellation
 i - 2 potions of brilliance
 p - 4 potions of lignification
 q - 7 potions of heal wounds
 r - a potion of curing
 B - a potion of resistance
 I - a potion of haste
Books
 K - a book of Beasts

   Spells                             Type                      Level
   a - Summon Butterflies             Summoning                    1
   b - Call Canine Familiar           Summoning                    3
   c - Summon Ice Beast               Ice/Summoning                4
   d - Summon Mana Viper              Hexes/Summoning              5
   e - Summon Hydra                   Summoning                    7
Miscellaneous
 z - a fan of gales (inert)
 J - 2 boxes of beasts
Comestibles
 f - 7 bread rations
 m - a slice of pizza
 o - 7 meat rations
 v - 9 royal jellies
 E - 3 chunks of flesh


   Skills:
 - Level 3.6(3.4) Fighting
 * Level 18.5(18.2) Axes
 - Level 3.2(3.0) Armour
   Level 3.2(3.0) Shields
 + Level 12.0(11.7) Invocations


You had 10 spell levels left.
You didn't know any spells.

Dungeon Overview and Level Annotations

Branches:
Dungeon (12/15)            Temple (1/1) D:4            Lair (1/6) D:8
    Orc: D:9-12

Altars:
Ashenzari
Cheibriados
Dithmenos
Elyvilon
Fedhas
Gozag
Hepliaklqana
Kikubaaqudgha
Makhleb
Nemelex Xobeh
Okawaru
Pakellas
Qazlal
Ru
Sif Muna
Trog
Uskayaw
Vehumet
Xom
Yredelemnul
Zin
The Shining One

Shops:
D:6 %}   D:7 }

Annotations:
D:5 Prince Ribbit


Innate Abilities, Weirdness & Mutations

You tend to lose your temper in combat.
Armour fits poorly on your strangely shaped body.
You expend magic power (3 MP) to strengthen your wands.


Message History

Evoking this partially-identified wand wasted a few charges.
The komodo dragon hisses angrily.
You now have 17/20 mp.
Unknown command.
Aim: an eight-headed hydra (chance to defeat MR: 18%)
The eight-headed hydra resists with almost no effort.
Evoking this partially-identified wand wasted a few charges.
You now have 14/20 mp.
Unknown command.
There is a staircase back to the Dungeon here.
The eight-headed hydra bites you.
The eight-headed hydra barely misses you.
The eight-headed hydra bites you but does no damage.
The eight-headed hydra bites you!
The eight-headed hydra bites you but does no damage. x2
The eight-headed hydra bites you. The eight-headed hydra bites you!
You climb upwards.
Welcome back to the Dungeon!
There is a staircase to the Lair here.
You take 22 damage, and have 60/82 hp.
MASSIVE DAMAGE!!
Unknown command.
Unknown command.
Aim: an eight-headed hydra (chance to defeat MR: 18%)
The eight-headed hydra resists with almost no effort.
Evoking this partially-identified wand wasted a few charges.
The eight-headed hydra bites you but does no damage.
The eight-headed hydra bites you. x2
The eight-headed hydra bites you but does no damage. x2
The eight-headed hydra bites you.
The eight-headed hydra barely misses you.
The eight-headed hydra bites you.
* * * LOW HITPOINT WARNING * * *
Unknown command.
You take 15 damage, and have 46/82 hp.
You now have 12/20 mp.
Unknown command.
A fierce wind blows from the fan.
The eight-headed hydra bites you but does no damage. x4
The eight-headed hydra bites you!
* * * LOW HITPOINT WARNING * * *
The eight-headed hydra bites you but does no damage.
The eight-headed hydra bites you.
* * * LOW HITPOINT WARNING * * *
The eight-headed hydra bites you but does no damage.
You take 10 damage, and have 36/82 hp.
Unknown command.
As you read the scroll of teleportation, it crumbles to dust.
You feel strangely unstable. The eight-headed hydra bites you!
* * * LOW HITPOINT WARNING * * *
The eight-headed hydra bites you but does no damage.
The eight-headed hydra bites you.
* * * LOW HITPOINT WARNING * * *
The eight-headed hydra bites you but does no damage.
The eight-headed hydra bites you!
* * * LOW HITPOINT WARNING * * *
The eight-headed hydra bites you!
* * * LOW HITPOINT WARNING * * *
The eight-headed hydra bites you but does no damage.
The eight-headed hydra bites you.
You die...

........##########.<#........####
#................#..#........#.>#
#................#..#........'..#
######...........#..+........#..#
#### #...........####........##.#
...###+###'##+#....P#....#'####.#
.#.'.#......(............+.......
...###........♣..........#.......
#### #'####.....@..♣.....######..
######..###....D.............####
.....#.....P...PP.P..........#...
.....#....P........♣....P....#...
.....#'###......P>...........#.##
#)##.....#..♣....♣.........###.##
#..#(....#........PP.......'...'.
#..#.....#....♣.......P....#...#.
'..#.....#....♣...P........#...#.


You could see an eight-headed hydra.

Vanquished Creatures
  A minotaur (Lab)
  A tengu warrior (D:10)
  3 hill giants
  A troll (D:10)
  A two-headed ogre (D:11)
  5 yaks
  2 basilisks (D:8)
  2 hippogriffs (D:9)
  2 porcupines (D:8)
  A sky beast (D:5)
  3 orc warriors
  2 ice beasts
  5 ogres
  2 black bears
  6 centaurs
  4 crocodiles
  A big kobold (D:11)
  7 giant frogs
  A water moccasin zombie (D:11)
  A scorpion (D:9)
  11 killer bees
  17 crimson imps
  A quasit (D:7)
  A giant frog zombie (D:5)
  Crazy Yiuf (D:4)
  4 orc priests
  3 hounds
  6 jellies
  3 centaur skeletons
  2 giant frog skeletons
  4 orc wizards
  6 iguanas
  5 worker ants
  A hound zombie (D:10)
  A worker ant zombie (D:5)
  4 gnolls
  25 adders
  2 river rats (D:8)
  A white imp (D:10)
  6 oozes
  2 adder zombies (D:5)
  5 worms
  A dart slug (D:3)
  3 giant geckos
  50 orcs
  4 giant cockroaches
  10 goblins
  8 hobgoblins
  12 jackals
  A quokka (D:9)
  5 ball pythons
  6 bats
  A giant gecko skeleton (D:7)
  2 giant newts
  A jackal zombie (D:5)
  15 kobolds
  9 rats
  A bush (D:7)
291 creatures vanquished.

Vanquished Creatures (others)
  2 yaks
2 creatures vanquished.

Grand Total: 293 creatures vanquished

Notes
Turn   | Place    | Note
--------------------------------------------------------------
     0 | D:1      | Laraso the Hill Orc Fighter began the quest for the Orb.
     0 | D:1      | Reached XP level 1. HP: 19/19 MP: 1/1
    48 | D:1      | Reached skill level 3 in Axes
    80 | D:1      | Reached XP level 2. HP: 21/26 MP: 2/2
   302 | D:1      | Reached skill level 4 in Axes
   688 | D:1      | Reached XP level 3. HP: 25/31 MP: 3/3
   808 | D:2      | Reached skill level 5 in Axes
  1029 | D:2      | Reached XP level 4. HP: 39/39 MP: 4/4
  1181 | D:2      | Found a bloodstained altar of Trog.
  1189 | D:2      | Reached skill level 6 in Axes
  1607 | D:3      | Reached XP level 5. HP: 43/45 MP: 5/5
  1713 | D:3      | Found a faded altar of an unknown god.
  1750 | D:3      | Reached skill level 7 in Axes
  1781 | D:2      | HP: 14/45 [gnoll/halberd (5)]
  2167 | D:3      | Reached skill level 8 in Axes
  2167 | D:3      | Reached XP level 6. HP: 32/51 MP: 6/6
  2693 | D:4      | Found a staircase to the Ecumenical Temple.
  2709 | Temple   | Entered the Ecumenical Temple
  2803 | Temple   | Became a worshipper of Elyvilon the Healer
  2921 | D:4      | Found a basalt altar of Yredelemnul.
  3014 | D:4      | Reached skill level 1 in Invocations
  3165 | D:4      | Reached * piety under Elyvilon
  3258 | D:4      | Noticed Crazy Yiuf
  3266 | D:4      | Killed Crazy Yiuf
  3314 | D:4      | Got a faintly glowing storm dragon armour
  3325 | D:4      | Identified the cursed +1 storm dragon armour "Tussonut" {rElec rPois MR+ Int-2} (You found it on level 4 of the Dungeon)
  3417 | D:4      | Noticed an ice beast
  3431 | D:4      | Killed an ice beast
  3431 | D:4      | Reached skill level 9 in Axes
  3431 | D:4      | Reached skill level 2 in Invocations
  3504 | D:5      | Entered Level 5 of the Dungeon
  3536 | D:5      | Reached XP level 7. HP: 48/57 MP: 7/9
  3691 | D:5      | Reached skill level 3 in Invocations
  3764 | D:5      | Reached skill level 10 in Axes
  3794 | D:5      | Noticed Prince Ribbit
  4184 | D:5      | Found a blossoming altar of Fedhas.
  4202 | D:5      | HP: 19/57 [Prince Ribbit (8)]
  4333 | D:5      | Reached skill level 4 in Invocations
  4425 | D:5      | Reached XP level 8. HP: 64/64 MP: 11/11
  4439 | D:6      | Found Kehaucuv's Food Shop.
  4465 | D:6      | Reached skill level 11 in Axes
  4550 | D:6      | Found Astroaneu's Gadget Shop.
  4586 | D:6      | Reached ** piety under Elyvilon
  5130 | D:7      | Reached skill level 5 in Invocations
  5288 | D:7      | HP: 22/64 [killer bee (6)]
  5293 | D:7      | HP: 17/64 [poisoned by a killer bee]
  5299 | D:7      | HP: 13/64 [poisoned by a killer bee]
  5304 | D:7      | HP: 11/64 [poisoned by a killer bee]
  5309 | D:7      | HP: 10/64 [poisoned by a killer bee]
  5316 | D:7      | HP: 10/64 [poisoned by a killer bee]
  5324 | D:7      | HP: 9/64 [poisoned by a killer bee]
  5554 | D:7      | Found Zagaon's Gadget Emporium.
  5577 | D:7      | Reached skill level 12 in Axes
  5582 | D:7      | HP: 23/64 [ogre/giant club (7)]
  5826 | D:7      | Reached skill level 6 in Invocations
  6063 | D:8      | Reached XP level 9. HP: 70/70 MP: 13/13
  6095 | D:8      | Found a staircase to the Lair.
  6104 | D:8      | Reached skill level 13 in Axes
  6119 | D:8      | Reached skill level 7 in Invocations
  6125 | D:8      | HP: 24/70 [basilisk (6)]
  6130 | D:8      | HP: 22/70 [basilisk (3)]
  6135 | D:8      | HP: 20/70 [basilisk (3)]
  6164 | D:8      | HP: 25/70 [yak (6)]
  6410 | D:8      | Reached skill level 14 in Axes
  6410 | D:8      | HP: 28/70 [yak (4)]
  6415 | D:8      | HP: 22/70 [yak (4)]
  6420 | D:8      | Reached skill level 8 in Invocations
  6420 | D:8      | HP: 22/70 [yak (1)]
  6430 | D:8      | HP: 20/70 [yak (4)]
  6980 | D:8      | Reached XP level 10. HP: 76/77 MP: 16/16
  6989 | D:8      | Identified a scroll of acquirement
  6990 | D:8      | Got a crude battleaxe
  6998 | D:8      | Identified the +1 battleaxe of Blind Justice {freeze, Int+4 Dex+2} (You acquired it on level 8 of the Dungeon)
  7000 | D:8      | Reached *** piety under Elyvilon
  7131 | D:8      | Reached skill level 9 in Invocations
  7238 | D:8      | Reached skill level 15 in Axes
  7725 | D:9      | Found an oddly glowing altar of Pakellas.
  7800 | D:9      | HP: 29/77 [troll (10)]
  7806 | D:9      | HP: 22/77 [troll (6)]
  8215 | D:9      | Reached skill level 16 in Axes
  8234 | D:9      | Reached skill level 10 in Invocations
  8334 | D:9      | Found a blossoming altar of Fedhas.
  8335 | D:9      | Found a glowing silver altar of Zin.
  8465 | D:9      | Found an iron altar of Okawaru.
  8663 | D:10     | Entered Level 10 of the Dungeon
  8882 | D:10     | Noticed a hill giant
  8895 | D:10     | Killed a hill giant
  9233 | D:10     | Reached skill level 17 in Axes
  9237 | D:10     | Reached XP level 11. HP: 82/82 MP: 19/19
  9316 | D:10     | Reached **** piety under Elyvilon
  9330 | D:10     | Noticed a hill giant
  9336 | D:10     | Killed a hill giant
  9336 | D:10     | Reached skill level 11 in Invocations
  9606 | D:10     | Noticed a tengu warrior
  9619 | D:10     | Killed a tengu warrior
 10050 | D:11     | Noticed Urug
 10055 | D:11     | Pacified Urug
 10105 | D:11     | Found a labyrinth entrance.
 10114 | Lab      | Entered a labyrinth
 10821 | Lab      | Noticed a minotaur
 10828 | Lab      | Killed a minotaur
 10828 | Lab      | Reached skill level 18 in Axes
 10967 | D:11     | Noticed a hill giant
 10970 | D:11     | Killed a hill giant
 11307 | D:11     | Gained mutation: Armour fits poorly on your strangely shaped body. [potion of mutation]
 11307 | D:11     | Gained mutation: You tend to lose your temper in combat. [potion of mutation]
 11307 | D:11     | Gained mutation: You expend magic power (3 MP) to strengthen your wands. [potion of mutation]
 11706 | D:11     | Reached skill level 12 in Invocations
 11974 | Lair:1   | Entered Level 1 of the Lair of Beasts
 11982 | Lair:1   | Noticed an eight-headed hydra
 11998 | D:8      | HP: 25/82 [eight-headed hydra (11)]
 11998 | D:8      | HP: 12/82 [eight-headed hydra (7)]
 11998 | D:8      | HP: 2/82 [eight-headed hydra (10)]
 11998 | D:8      | Slain by an eight-headed hydra

Vault maps used:
D:1:      shiori_arrival_maze, hangedman_decor_lopped, minmay_distorted
D:2:      grunt_ministairs_6, bloody_trog
D:3:      ecumenical_altar_2, first_bread
D:4:      kennysheep_mini, minmay_temple_entry_junction2,
          uniq_crazy_yiuf_cottage
D:5:      fedhas_bush_and_centaur_altar, uniq_prince_ribbit1
D:6:      serial_shops, shop_fountains, nicolae_shop_statue_plus
D:7:      serial_shops, nicolae_shop_competitors_out_of_business,
          minmay_hedge_maze
D:8:      minmay_lair_entry_grove, nicolae_ossuary_entry_ruins,
          hangedman_little_slice_of_home
D:9:      boulder_indie, kennysheep_okawaru_gauntlet,
          gammafunk_temple_overflow_statue, grunt_pakellas_mercury
D:10:     special_room, minmay_nine_imps
D:11:     lab_entry_generic, uniq_urug
D:12:     kennysheep_orc_monster_closet_entryway, kennysheep_cluttered_room,
          grunt_ministairs_15, lemuel_mausoleum_altar_yredelemnul
Temple:   kilobyte_greek_temple_18
Lair:1:   basic_altar
Lab:      labyrinth_spiral

Skill      XL: |  1  2  3  4  5  6  7  8  9 10 11 |
---------------+----------------------------------+-----
Axes           | 3 4 5 6 8 9 10 12 14 17 18 | 18.5
Invocations    | 2 4 6 8 10 12 | 12.0
Fighting       | |  3.6
Armour         | |  3.2
Shields        | |  3.2

Action                   |  1- 3 |  4- 6 |  7- 9 | 10-12 || total
-------------------------+-------+-------+-------+-------++-------
Melee: War axe           |   101 |   224 |   387 |       ||   712
       Battleaxe         |       |       |       |   430 ||   430
Invok: Lesser Healing    |       |       |     9 |     3 ||    12
       Heal Other        |       |       |     4 |     7 ||    11
       Divine Protection |       |       |     1 |       ||     1
Evoke: Wand              |       |       |       |     4 ||     4
       Fan of gales      |       |       |       |     1 ||     1
  Use: Scroll            |     6 |     6 |     4 |    16 ||    32
       Potion            |       |       |     7 |     2 ||     9
  Eat: Chunk             |     1 |     7 |     9 |     7 ||    24
       Meat ration       |       |       |     1 |     2 ||     3
       Beef jerky        |       |       |     1 |     1 ||     2
       Royal jelly       |       |       |       |     1 ||     1
Armor: Scale mail        |    56 |    85 |       |       ||   141
       Storm dragon armo |       |     7 |   215 |   306 ||   528
Dodge: Dodged            |    42 |    64 |    58 |   151 ||   315
Block: Shield            |    77 |   106 |   147 |       ||   330

Table legend:
 A = Kills in this place as a percentage of kills in entire the game.
 B = Kills by you in this place as a percentage of kills by you in the entire game.
 C = Kills by friends in this place as a percentage of kills by friends in the entire game.
 D = Other kills in this place as a percentage of other kills in the entire game.
 E = Experience gained in this place as a percentage of experience gained in the entire game.
 F = Experience gained in this place divided by the number of levels of this place that you have seen.
                   A       B       C       D       E      F
               +-------+-------+-------+-------+-------+----------------------
         Total | 100.0 | 100.0 |  -nan |  -nan | 100.0 | 958.3
       Dungeon |  99.3 |  99.3 |  -nan |  -nan |  91.9 | 1100.7
          Lair |   0.3 |   0.3 |  -nan |  -nan |   0.3 |  36.0
     Labyrinth |   0.3 |   0.3 |  -nan |  -nan |   7.9 | 1131.0
               +-------+-------+-------+-------+-------+----------------------

Table legend:
 A = Turns spent in this place as a percentage of turns spent in the entire game.
 B = Non-inter-level travel turns spent in this place as a percentage of non-inter-level travel turns spent in the entire game.
 C = Inter-level travel turns spent in this place as a percentage of turns spent in this place.
 D = Turns resting spent in this place as a percentage of non-inter-level travel turns spent in this place.
 E = Turns spent auto-exploring this place as a percentage of non-inter-level travel turns spent in this place.
 F = Non-inter-level travel turns spent in this place divided by the number of levels of this place that you've seen.
                   A       B       C       D       E      F
               +-------+-------+-------+-------+-------+----------------------
         Total | 100.0 | 100.0 |   0.4 |   2.5 |   8.8 | 284.4
       Dungeon |  81.3 |  81.2 |   0.4 |   3.1 |  10.7 | 288.8
        Temple |   0.2 |   0.2 |  10.0 |   0.0 |  55.6 |   9.0
          Lair |   0.5 |   0.5 |   0.0 |   0.0 |   4.5 |  22.0
     Labyrinth |  18.0 |  18.0 |   0.0 |   0.3 |   0.0 | 769.0
               +-------+-------+-------+-------+-------+----------------------

Vault maps used:
D:1:      shiori_arrival_maze, hangedman_decor_lopped, minmay_distorted
D:2:      grunt_ministairs_6, bloody_trog
D:3:      ecumenical_altar_2, first_bread
D:4:      kennysheep_mini, minmay_temple_entry_junction2,
          uniq_crazy_yiuf_cottage
D:5:      fedhas_bush_and_centaur_altar, uniq_prince_ribbit1
D:6:      serial_shops, shop_fountains, nicolae_shop_statue_plus
D:7:      serial_shops, nicolae_shop_competitors_out_of_business,
          minmay_hedge_maze
D:8:      minmay_lair_entry_grove, nicolae_ossuary_entry_ruins,
          hangedman_little_slice_of_home
D:9:      boulder_indie, kennysheep_okawaru_gauntlet,
          gammafunk_temple_overflow_statue, grunt_pakellas_mercury
D:10:     special_room, minmay_nine_imps
D:11:     lab_entry_generic, uniq_urug
D:12:     kennysheep_orc_monster_closet_entryway, kennysheep_cluttered_room,
          grunt_ministairs_15, lemuel_mausoleum_altar_yredelemnul
Temple:   kilobyte_greek_temple_18
Lair:1:   basic_altar
Lab:      labyrinth_spiral
